Map: Orbital Shipyard

Players

LilDicky

  • Race: Terran Terran
  • League: Diamond

HeartOfHope - Winner!

  • Race: Protoss Protoss

VOD

http://www.twitch.tv/tumescentpie

Description

Time

  • Played on: Dec. 6, 2015, 6:57 p.m.
  • Length: 7:56
Show
View Real Time Build Order
Export as new Build Order

LilDicky Terran 

Build Orders: MMM Bio 

Get SALT Encoding   

  12  0:01  SCV  
  13  0:13  SCV  
  14  0:18  Supply Depot  
  14  0:25  SCV  
  15  0:38  Refinery  
  15  0:44  Barracks  
  15  0:50  SCV  
  16  1:02  SCV  
  17  1:22  SCV  
  18  1:31  Marine  
  19  1:34  Supply Depot  
  19  1:37  Orbital Command  
  19  1:42  Factory  
  19  1:49  Marine  
  20  2:04  SCV  
  21  2:13  Barracks Reactor  
  21  2:16  SCV  
  21  2:17  Barracks  
  21  2:19  Barracks  
  22  2:24  Refinery  
  22  2:32  SCV  
  23  2:44  SCV  
  23  2:51  Marine x2  
  26  3:03  SCV  
  27  3:06  Supply Depot  
  27  3:09  Marine x2  
  27  3:10  Barracks Tech Lab x2  
  29  3:14  Widow Mine  
  31  3:23  SCV  
  32  3:35  SCV  
  32  3:40  Combat Shields, Marauder x2, Marine x2  
  32  3:41  Stimpack  
  38  3:45  Supply Depot  
  36  4:01  Marauder x2  
  41  4:03  Marine  
  41  4:06  Marine  
  42  4:13  Starport  
  42  4:26  Marauder x2  
  42  4:27  Marine  
  42  4:28  Marine  
  48  4:37  SCV  
  49  4:51  Marine x2  
  55  4:57  Supply Depot  
  55  4:58  Medivac  
  53  5:00  Marine x2  
  55  5:18  Marine  
  56  5:22  Supply Depot, SCV  
  56  5:24  Marauder x2, Marine  
  62  5:34  SCV  
  63  5:43  Marine x2, Widow Mine  
  63  5:45  Marine  
  42  6:28  SCV, Medivac  
  42  6:32  Marine x2  
  46  6:33  Marauder x2  
  46  6:35  Command Center  
  46  6:37  Command Center  
  49  6:50  Marine  
  49  6:51  Barracks  
  50  6:54  Marauder  
  50  6:55  Barracks, Marauder  
  50  6:58  Starport Reactor  
  54  7:02  Marine  
  54  7:04  SCV  
  56  7:11  Marine  
  57  7:16  Marauder x2  
  57  7:20  Marine  
  62  7:28  Marine  
  63  7:37  Marine x2  
Show
View Real Time Build Order
Export as new Build Order

HeartOfHope Protoss - Winner!

Build Orders:  

Get SALT Encoding   

  12  0:00  Probe (Chrono Boost)  
  13  0:11  Probe (Chrono Boost)  
  14  0:18  Pylon  
  14  0:22  Probe (Chrono Boost)  
  15  0:36  Probe (Chrono Boost)  
  15  0:37  Gateway  
  16  0:46  Assimilator  
  16  0:47  Probe (Chrono Boost)  
  17  0:57  Probe (Chrono Boost)  
  17  1:00  Pylon  
  18  1:08  Probe (Chrono Boost)  
  20  1:18  Probe (Chrono Boost)  
  20  1:26  Cybernetics Core  
  20  1:29  Probe (Chrono Boost)  
  22  1:40  Probe (Chrono Boost)  
  22  1:50  Probe (Chrono Boost)  
  22  1:53  Nexus  
  23  1:59  Assimilator  
  24  2:01  Probe (Chrono Boost)  
  24  2:11  Forge  
  24  2:14  Probe (Chrono Boost)  
  25  2:19  Warp Gate  
  25  2:25  Probe (Chrono Boost)  
  25  2:26  Pylon  
  26  2:36  Mothership Core (Chrono Boost)  
  28  2:54  Probe (Chrono Boost), Photon Cannon  
  29  3:01  Protoss Ground Armor Level 1  
  29  3:02  Gateway  
  29  3:06  Probe (Chrono Boost)  
  29  3:08  Probe (Chrono Boost)  
  31  3:17  Stalker  
  31  3:18  Probe (Chrono Boost)  
  34  3:22  Probe (Chrono Boost)  
  35  3:30  Probe (Chrono Boost), Pylon  
  36  3:37  Probe (Chrono Boost)  
  36  3:40  Probe (Chrono Boost)  
  38  3:47  Probe (Chrono Boost)  
  39  3:51  Probe (Chrono Boost)  
  40  3:56  Photon Cannon  
  40  3:58  Probe (Chrono Boost)  
  40  4:01  Probe (Chrono Boost)  
  42  4:08  Probe (Chrono Boost)  
  43  4:12  Probe (Chrono Boost), Robotics Facility  
  43  4:16  Gateway  
  44  4:17  Gateway  
  44  4:18  Assimilator  
  44  4:19  Probe (Chrono Boost)  
  45  4:25  Probe (Chrono Boost)  
  45  4:29  Probe (Chrono Boost), Assimilator  
  47  4:35  Probe (Chrono Boost)  
  48  4:40  Probe (Chrono Boost)  
  49  4:46  Probe (Chrono Boost)  
  49  4:49  Nexus  
  49  4:50  Pylon  
  49  4:51  Probe (Chrono Boost)  
  51  4:56  Probe (Chrono Boost)  
  52  5:02  Immortal  
  52  5:04  Pylon  
  56  5:08  Probe x2 (Chrono Boost)  
  56  5:10  Stalker  
  56  5:12  Pylon  
  60  5:16  Stalker  
  60  5:20  Probe x2 (Chrono Boost)  
  64  5:31  Probe (Chrono Boost)  
  64  5:33  Stalker x3  
  71  5:39  Probe (Chrono Boost)  
  71  5:41  Pylon  
  71  5:42  Protoss Ground Weapons Level 1 (Chrono Boost)  
  72  5:43  Probe (Chrono Boost), Robotics Bay  
  72  5:47  Photon Cannon  
  71  5:59  Stalker  
  71  6:00  Stalker x2  
  70  6:06  Probe x2 (Chrono Boost)  
  68  6:22  Probe x2 (Chrono Boost)  
  68  6:23  Pylon  
  68  6:24  Pylon  
  68  6:30  Probe (Chrono Boost)  
  69  6:33  Probe x2 (Chrono Boost)  
  69  6:37  Pylon  
  69  6:39  Pylon  
  71  6:41  Probe (Chrono Boost), Photon Cannon  
  71  6:42  Stalker  
  71  6:43  Probe x2 (Chrono Boost)  
  76  6:49  Disruptor (Chrono Boost)  
  76  6:52  Probe (Chrono Boost)  
  82  6:54  Probe x2 (Chrono Boost)  
  82  6:55  Gateway  
  82  6:56  Gateway  
  82  6:59  Stalker x2  
  86  7:01  Probe (Chrono Boost)  
  86  7:03  Probe (Chrono Boost), Pylon  
  86  7:04  Probe (Chrono Boost)  
  87  7:16  Probe x2  
  87  7:17  Probe, Photon Cannon  
  87  7:19  Stalker x2  
  94  7:29  Probe  
  95  7:30  Stalker x2, Probe x2  
  95  7:31  Photon Cannon  
  101  7:40  Probe  
  101  7:41  Probe, Assimilator  
Tags
 
Add a new tag
Caveats
  • Supply blocks, unpowered buildings, or Contaminate may cause inaccurate times.
  • Supply counts are checked every 10 seconds.